 Dungeon Crawl Stone Soup version 0.30-a0-728-gc68057be0a (webtiles) character file.

Game seed: 7612139616722754893

2152 demibob the Cleaver (level 9, -8/70 HPs)
             Began as a Hill Orc Fighter on Jan 31, 2023.
             Was an Initiate of Makhleb.
             Mangled by a kobold brigand
             ... wielding a +0 mace
              (10 damage)
             ... on level 7 of the Dungeon.
             The game lasted 00:07:24 (5678 turns).

demibob the Cleaver (Hill Orc Fighter)              Turns: 5678, Time: 00:07:25

Health: -8/70      AC:  9    Str: 19 (21) XL:     9   Next: 31%
Magic:  13/13      EV:  9    Int:  7 (8)  God:    Makhleb [......]
Gold:   321        SH:  5    Dex:  9 (12) Spells: 8/8 levels left

rFire   . . .      SeeInvis .    a - +0 war axe
rCold   . . .      Faith    .    (no shield)
rNeg    . . .      Spirit   .    b - +0 scale mail
rPois   .          Reflect  +    (no helmet)
rElec   .          Harm     .    i - +1 cloak
rCorr   .          Rampage  .    (no gloves)
Will    .....                    (no boots) Stlth
                                 w - amulet of reflection
HPRegen 0.31/turn                L - ring of flight
MPRegen 0.13/turn                (no ring)

@: on berserk cooldown, flying, slowed, very slow
A: no striking features
a: Renounce Religion


You were on level 7 of the Dungeon.
You worshipped Makhleb.
Makhleb was noncommittal.
You visited 1 branch of the dungeon, and saw 7 of its levels.

You collected 321 gold pieces.


   Skills:
 - Level 3.6 Fighting
 + Level 14.2 Axes
 - Level 3.2 Armour
 - Level 3.2 Shields
 + Level 6.5 Invocations


You had 8 spell levels left.
You didn't know any spells.
Your spell library contained the following spells:

 Spells                   Type           Power      Damage    Failure   Level
 Apportation              Tloc           0%         N/A       80%         1
 Beastly Appendage        Tmut           0%         N/A       80%         1
 Cigotuvi's Dreadful Rot  Necr/Pois/Air  0%         N/A       90%         2
 Poisonous Vapours        Pois/Air       0%         N/A       90%         2
 Wereblood                Tmut           0%         N/A       90%         2
 Mephitic Cloud           Conj/Pois/Air  0%         N/A       99%         3
 Spider Form              Tmut/Pois      0%         N/A       99%         3
 Alistair's Intoxication  Tmut/Pois      0%         N/A       100%        5

Inventory:

Hand Weapons
 a - a +0 war axe (weapon)
Armour
 b - a +0 scale mail (worn)
 i - a +1 cloak (worn)
 u - a +0 pair of boots
Jewellery
 w - an amulet of reflection (around neck)
 L - a ring of flight (left hand)
Wands
 m - a wand of flame (20)
Scrolls
 f - 3 scrolls of amnesia
 p - 2 scrolls of teleportation {@r2}
 q - a scroll of fog
 s - 2 scrolls of fear
 v - a scroll of torment
Potions
 c - 2 potions of brilliance
 d - a potion of attraction {unknown}
 e - 4 potions of magic
 g - a potion of resistance {unknown}
 h - a potion of degeneration
 j - a potion of lignification {unknown}
 k - a potion of curing {@q1}
 l - a potion of invisibility {unknown}
 n - a potion of flight
 o - a potion of berserk rage {!q}
 r - a potion of might
 t - a potion of mutation {unknown}
 x - a potion of ambrosia {unknown}

Dungeon Overview and Level Annotations

Branches:
Dungeon (7/15)             Temple (0/1) D:7

Altars:
Elyvilon
Gozag
Kikubaaqudgha
Makhleb
Sif Muna
Trog
Wu Jian
Zin

#########
#.......# #######
#.# ## .....#
#@##.##.##
##.#.###K#.......
#.......KK.....#
##.#.###.#..<..#
#.###.#.#
#.##K##.#
#.......# #.. ...
#####.### ####
### #.# #.#


You could see a kobold brigand and 3 kobolds.


Message History

A kobold comes into view. It is wielding a +0 dagger.
The kobold moves out of view.
You feel better.
The kobold shouts!
You hear a shout! x2
The kobold brigand hits you with a +0 mace.
* * * LOW HITPOINT WARNING * * *
You hit the kobold brigand.
The kobold brigand is lightly wounded.
A kobold comes into view.
It is wielding a +0 dagger of holy wrath.
The kobold brigand hits you with a +0 mace!
* * * LOW HITPOINT WARNING * * *
The kobold brigand hits you with a +0 mace.
* * * LOW HITPOINT WARNING * * *
A kobold comes into view. It is wielding a +0 dagger.
You barely miss the kobold brigand.
The kobold shouts!
Your punch misses the kobold brigand.
The kobold brigand is lightly wounded.
The kobold brigand closely misses you.
A kobold comes into view. It is wielding a +0 whip.
It was a potion of degeneration.
There was something very wrong with that liquid.
You feel weakened.
You feel dopey.
You feel clumsy.
The kobold brigand hits you but does no damage.
It was a potion of flight.
You feel more buoyant.
A kobold comes into view. It is wielding a +0 dagger.
The kobold brigand hits you but does no damage.
The kobold brigand hits you with a +0 mace!
You die...

Skill      XL: |  1  2  3  4  5  6  7  8  9 |
---------------+----------------------------+-----
Axes           | 3 4 5 6 8 9 11 13 14 | 14.2
Invocations    | 5 6 |  6.5
Fighting       | |  3.6
Armour         | |  3.2
Shields        | |  3.2

Action                     |  1- 3 |  4- 6 |  7- 9 || total
---------------------------+-------+-------+-------++-------
  Melee: War axe           |   102 |   181 |   221 ||   504
         Punch             |       |     2 |     3 ||     5
    Use: Scroll            |     4 |     6 |     4 ||    14
         Potion            |       |     3 |     5 ||     8
 Armour: Scale mail        |    80 |    97 |    83 ||   260
  Dodge: Dodged            |    55 |    93 |    71 ||   219
  Block: Other             |       |       |    10 ||    10

Levels and vault maps discovered:
D:1:      ebering_hopf_link, layout_loops_ring, minmay_tetromino_t4
D:2:      layout_basic
D:3:      layout_rooms, mainiacjoe_overflow_catwalk
D:4:      layout_basic, lemuel_crystal_altar
D:5:      layout_basic, bloody_trog
D:6:      layout_gridville, zin_scriptorium, mainiacjoe_overflow_alcove_3
D:7:      layout_loops_corners, chequers_temple_overflow_minitemple,
          nemelex_diamond_rough_becter, minmay_temple_entry_glassed_door

Notes
Turn   | Place    | Note
-------+----------+-------------------------------------------
     0 | D:1      | demibob the Hill Orc Fighter began the quest for the Orb.
     0 | D:1      | Reached XP level 1. HP: 19/19 MP: 1/1
    51 | D:1      | Reached skill level 3 in Axes
   110 | D:1      | Reached XP level 2. HP: 26/26 MP: 2/2
   189 | D:1      | You are sucked into a shaft and drop 1 floor!
   240 | D:1      | Reached skill level 4 in Axes
   563 | D:1      | Reached XP level 3. HP: 31/31 MP: 3/3
   759 | D:2      | Reached skill level 5 in Axes
   834 | D:2      | Reached XP level 4. HP: 23/39 MP: 4/4
   854 | D:2      | Reached skill level 6 in Axes
  1707 | D:3      | Found an ancient bone altar of Kikubaaqudgha.
  1947 | D:3      | Reached XP level 5. HP: 44/45 MP: 5/5
  2056 | D:4      | Noticed a black bear
  2060 | D:4      | Killed a black bear
  2061 | D:4      | Reached skill level 7 in Axes
  2152 | D:4      | Reached skill level 8 in Axes
  2218 | D:4      | Reached XP level 6. HP: 51/51 MP: 6/6
  2277 | D:4      | Found a white marble altar of Elyvilon.
  2509 | D:4      | Reached skill level 9 in Axes
  3146 | D:5      | Entered Level 5 of the Dungeon
  3169 | D:5      | Reached XP level 7. HP: 47/57 MP: 7/7
  3321 | D:5      | Found a bloodstained altar of Trog.
  3361 | D:5      | Reached skill level 10 in Axes
  3644 | D:5      | Reached skill level 11 in Axes
  4167 | D:5      | Reached XP level 8. HP: 64/64 MP: 8/8
  4418 | D:6      | Reached skill level 12 in Axes
  4598 | D:6      | Found a shimmering blue altar of Sif Muna.
  4599 | D:6      | Found a burning altar of Makhleb.
  4600 | D:6      | Found an ornate altar of the Wu Jian Council.
  4600 | D:6      | Found an opulent altar of Gozag.
  4606 | D:6      | Became a worshipper of Makhleb the Destroyer
  4662 | D:6      | Reached skill level 1 in Invocations
  4732 | D:6      | Reached skill level 2 in Invocations
  4736 | D:6      | Reached skill level 13 in Axes
  4744 | D:6      | Reached skill level 3 in Invocations
  5093 | D:6      | Identified the +3 long sword of the Fray {freeze, rC+
                  | Dex+3}
  5197 | D:6      | Found a glowing silver altar of Zin.
  5354 | D:7      | Reached skill level 4 in Invocations
  5469 | D:7      | Reached skill level 5 in Invocations
  5469 | D:7      | Reached XP level 9. HP: 64/70 MP: 12/12
  5501 | D:7      | Found a staircase to the Ecumenical Temple.
  5645 | D:7      | Noticed a hornet
  5659 | D:7      | Killed a hornet
  5660 | D:7      | Reached skill level 14 in Axes
  5660 | D:7      | Reached skill level 6 in Invocations
  5660 | D:7      | HP: 6/70 [poisoned by a hornet]
  5675 | D:7      | HP: 6/70 [kobold brigand/+0 mace (7)]
  5675 | D:7      | HP: 1/70 [kobold brigand/+0 mace (5)]
  5678 | D:7      | Mangled by a kobold brigand

Vanquished Creatures
  A hornet (D:7)
  A sky beast (D:7)
  A black bear (D:4)
  An ice beast (D:7)
  2 ogres
  5 phantoms
  A kobold brigand (D:7)
  2 bullfrogs
  A necrophage (D:4)
  A scorpion (D:6)
  3 wights (D:6)
  3 howler monkeys
  4 hounds
  2 iguanas
  4 orc wizards
  7 gnolls
  9 adders
  A shadow imp (D:5)
  A white imp (D:5)
  An ufetubus (D:7)
  A worm (D:2)
  A dart slug (D:2)
  7 orcs
  5 endoplasms
  2 giant cockroaches (D:3)
  5 goblins
  3 hobgoblins (D:1)
  7 jackals
  10 kobolds
  10 quokkas
  10 ball pythons
  8 bats
  4 frilled lizards
  5 rats
129 creatures vanquished.

Table legend: (Time is in decaauts)
 A = Elapsed time spent in this place.
 B = Non-inter-level travel time spent in this place.
 C = Inter-level travel time spent in this place.
 D = Time resting spent in this place.
 E = Time spent auto-exploring this place.
 F = Levels seen in this place.
 G = Mean time per level.
                   A        B        C        D        E       F      G
               +--------+--------+--------+--------+--------+-----+--------+
         Total |   5720 |   5587 |    133 |     97 |   4478 |   7 |  817.1 |
       Dungeon |   5720 |   5587 |    133 |     97 |   4478 |   7 |  817.1 |
               +--------+--------+--------+--------+--------+-----+--------+

Top non-repeatable levels by time:
     D:5: 1260 daAuts
     D:4: 1098 daAuts
     D:2: 980 daAuts
     D:6: 929 daAuts
     D:1: 722 daAuts
     D:3: 400 daAuts
     D:7: 328 daAuts

Table legend:
 A = Non-vault XP
 B = Vault XP
 C = Vault XP percentage of total XP
 D = Non-vault monster count
 E = Vault monster count
 F = Vault count percentage of total count
                 A         B        C        D         E       F
            +---------+---------+-------+---------+---------+-------
      Total |    3070 |       5 |   0.2 |     126 |       3 |   2.3
            +---------+---------+-------+---------+---------+-------
        D:1 |      37 |       5 |  11.9 |      23 |       3 |  11.5
        D:2 |      98 |       0 |   0.0 |      20 |       0 |   0.0
        D:3 |      41 |       0 |   0.0 |      11 |       0 |   0.0
        D:4 |     411 |       0 |   0.0 |      23 |       0 |   0.0
        D:5 |     698 |       0 |   0.0 |      23 |       0 |   0.0
        D:6 |     782 |       0 |   0.0 |      11 |       0 |   0.0
        D:7 |    1003 |       0 |   0.0 |      15 |       0 |   0.0
            +---------+---------+-------+---------+---------+-------
